 Dungeon Crawl Stone Soup version 0.17-a0-1582-ge6b0260 (webtiles) character file.

4141 Chiseanne the Nimble (level 10, -2/80 HPs)
             Began as a Demonspawn Wanderer on July 27, 2015.
             Was an Initiate of Gozag.
             Slain by a red ugly thing (23 damage)
             ... on level 9 of the Dungeon.
             The game lasted 00:34:12 (10603 turns).

Chiseanne the Nimble (Demonspawn Wanderer)         Turns: 10603, Time: 00:34:12

Health: -2/80      AC: 14    Str: 13    XL:     10   Next: 7%
Magic:  10/10      EV: 17    Int: 15    God:    Gozag
Gold:   666        SH:  0    Dex: 14    Spells: 0 memorised, 9 levels left

rFire  . . .     SeeInvis .     a - +4 hand axe
rCold  + . .     Clarity  .     P - +3 troll leather armour
rNeg   . . .     SustAt   .     (no shield)
rPois  .         Gourm    .     (no helmet)
rElec  .         Spirit   .     r - +2 cloak {MR+}
rCorr  .         Warding  .     (no gloves)
rMut   .         Stasis   .     l - +2 pair of boots
MR     +....                    (no amulet)
Stlth  ++........               m - ring of protection from cold
                                (no ring)

@: somewhat resistant to hostile enchantments, unstealthy
A: talons 1, demonic guardian 2, rot immunity
a: Potion Petition, Call Merchant, Bribe Branch, Renounce Religion


You were on level 9 of the Dungeon.
You worshipped Gozag.
Gozag was noncommittal.
You were not hungry.

You visited 2 branches of the dungeon, and saw 10 of its levels.
You also visited: Ossuary and Bailey.

You collected 806 gold pieces.
You paid 140 gold pieces to Gozag.

Inventory:

Hand weapons
 a - a +4 hand axe (weapon)
 e - a +3 shortbow of flaming
 q - a +0 dagger of venom
 w - a +0 blowgun
 M - a +2 eveningstar of holy wrath
 R - a +0 broad axe
Missiles
 c - 66 poisoned needles
 d - 17 steel bolts
 g - 34 bolts
 n - 82 arrows
 v - 23 sling bullets
 y - 2 throwing nets (quivered)
 G - 20 tomahawks of returning
 J - 20 poisoned arrows
 T - 4 tomahawks
Armour
 l - a +2 pair of boots (worn)
 r - a +2 cloak of magic resistance (worn)
 F - a +3 leather armour of fire resistance
 N - a +6 plate armour of ponderousness
 P - a +3 troll leather armour (worn)
Jewellery
 i - an uncursed ring of teleportation
 m - a ring of protection from cold (right hand)
 t - an uncursed amulet of stasis
 x - an uncursed ring of protection from cold
 Q - an uncursed amulet of resist mutation {unknown}
Magical devices
 C - a wand of confusion (0)
 H - a wand of fireball (7)
Scrolls
 p - 2 scrolls of remove curse
 s - 2 scrolls of identify
 B - 3 scrolls of recharging
 E - 2 scrolls of amnesia
 K - 3 scrolls of teleportation
 O - a scroll of immolation
Potions
 b - a potion of agility {unknown}
 h - 4 potions of curing
 j - a potion of haste {unknown}
 k - 3 potions of brilliance
 u - 2 potions of resistance {unknown}
 A - a potion of mutation {unknown}
 D - a potion of cure mutation {unknown}
 I - a potion of magic {unknown}
 L - 2 potions of might {unknown}
Comestibles
 f - 7 bread rations
 o - 4 meat rations
 z - a royal jelly
 S - 6 beef jerkies


   Skills:
 + Level 8.0 Fighting
 - Level 1.0 Axes
 - Level 7.3 Armour
 * Level 9.6 Dodging
 - Level 1.7 Stealth
   Level 1.0 Shields


You had 9 spell levels left.
You didn't know any spells.

Dungeon Overview and Level Annotations

Branches:
Dungeon (9/15)             Temple (1/1) D:7
   Lair: D:8-11         Orc: D:9-12

Altars:
Ashenzari
Dithmenos
Elyvilon
Fedhas
Gozag
Kikubaaqudgha
Makhleb
Nemelex Xobeh
Okawaru
Qazlal
Ru
Sif Muna
Trog
Vehumet
Xom
Yredelemnul
Zin
The Shining One

Shops:
D:6 [


Innate Abilities, Weirdness & Mutations

You have sharp toenails.
A demonic guardian rushes to your aid.
You are immune to rotting.


Message History

The red ugly thing completely misses you.
The red ugly thing closely misses you.
You hit the red ugly thing.
The red ugly thing is heavily wounded.
The red ugly thing pecks you!
You are engulfed in flames!
You barely miss the red ugly thing.
The red ugly thing is heavily wounded.
The red ugly thing pecks you but does no damage.
You hit the red ugly thing.
The red ugly thing is heavily wounded.
The red ugly thing closely misses you.
You slash the red ugly thing!
The red ugly thing is heavily wounded.
The red ugly thing pecks you!
You are engulfed in flames!
* * * LOW HITPOINT WARNING * * *
The red ugly thing pecks you.
* * * LOW HITPOINT WARNING * * *
You are engulfed in flames!!
You die...
Your body crumbles into a pile of gold.

#........(.....#
....
#............(.#
###
#..............#
#.....)).......#
#.....).[......#
#...........<..#
#......###+##..#
#......#....#..#
#......'....#.@#
#......#....#.u#
#......#....#$.#
#......#....#(.#
#......#....#(.#
#......#....#(.#
#......#....#..#
#......#....#...
#......# #.(.


You could see a red ugly thing.

Vanquished Creatures
  2 hippogriffs (D:7)
  Edmund (D:5)
  2 ogres
  2 orc warriors (Bailey)
  3 centaurs
  The ghost of Chiseanne the Magician, an average DsWn (D:3)
  4 phantoms
  3 big kobolds
  An elf skeleton (D:5)
  2 giant frogs
  A scorpion (D:6)
  5 killer bees (D:8)
  2 crimson imps
  An orc priest (D:9)
  2 human zombies (D:5)
  A centaur zombie (Ossuary)
  3 giant frog zombies
  A jelly (D:8)
  3 hounds
  A giant frog skeleton (D:7)
  2 orc wizards (D:5)
  A human skeleton (D:5)
  2 worker ants (D:6)
  4 ogre zombies (Ossuary)
  A hound zombie (D:5)
  7 mummies (Ossuary)
  4 gnolls
  A worker ant zombie (D:5)
  6 adders
  4 adder zombies
  2 worms (D:2)
  2 giant geckos
  11 orcs
  8 giant cockroaches
  2 gnoll zombies (Ossuary)
  12 hobgoblins
  4 quokkas
  A ball python (D:2)
  12 bats
  A giant gecko zombie (D:7)
  14 goblins
  6 goblin zombies (Ossuary)
  3 hobgoblin zombies (Ossuary)
  53 kobolds
  3 kobold zombies (Ossuary)
  An orc zombie (D:5)
  4 quokka zombies (Ossuary)
  16 rats
  4 rat zombies (Ossuary)
  2 plants (D:5)
234 creatures vanquished.

Vanquished Creatures (collateral kills)
  An orc knight (Bailey)
  2 trolls (D:9)
  Eustachio (D:6)
  A wyvern (D:7)
  2 orc warriors (Bailey)
  2 centaurs
  An ice beast (D:4)
  2 ogres
  An elf zombie (D:5)
  A killer bee zombie (D:8)
  A gnoll (Bailey)
  A worker ant zombie (D:6)
  A shadow imp (D:5)
  2 giant geckos
  A giant cockroach (D:5)
  4 hobgoblins (Bailey)
  3 kobolds (Bailey)
  A bat (D:8)
  3 goblins
31 creatures vanquished.

Vanquished Creatures (others)
  A plant (D:5)
1 creature vanquished.

Grand Total: 266 creatures vanquished

Notes
Turn   | Place    | Note
--------------------------------------------------------------
     0 | D:1      | Chiseanne the Demonspawn Wanderer began the quest for the Orb.
     0 | D:1      | Chiseanne set off with: a +2 dagger, a potion of berserk rage, a +0 hand axe, a potion of lignification, a +0 robe, a bread ration
     0 | D:1      | Reached XP level 1. HP: 21/21 MP: 1/1
   587 | D:1      | Gained mutation: A weak demonic guardian rushes to your aid. [demonic ancestry]
   587 | D:1      | Reached XP level 2. HP: 20/27 MP: 2/2
   937 | D:2      | Reached skill level 1 in Dodging
  1034 | D:2      | Reached XP level 3. HP: 30/33 MP: 3/3
  1853 | D:3      | Reached XP level 4. HP: 31/39 MP: 4/4
  2410 | D:3      | Noticed Chiseanne's ghost (average DsWn)
  2446 | D:3      | Killed Chiseanne's ghost
  2446 | D:3      | Gained mutation: You are immune to rotting. [demonic ancestry]
  2446 | D:3      | Reached XP level 5. HP: 27/44 MP: 5/5
  2869 | D:4      | Found a shattered altar of Ashenzari.
  2870 | D:4      | Noticed an ogre
  2901 | D:4      | Killed an ogre
  3153 | D:4      | Gained mutation: A demonic guardian rushes to your aid. [demonic ancestry]
  3153 | D:4      | Reached XP level 6. HP: 39/51 MP: 6/6
  3474 | D:4      | Noticed an ice beast
  3489 | D:4      | Killed an ice beast
  3755 | D:5      | Entered Level 5 of the Dungeon
  3770 | D:5      | Reached skill level 5 in Armour
  3831 | D:5      | Found a sand-covered staircase.
  3867 | D:5      | Reached XP level 7. HP: 40/56 MP: 7/7
  3883 | Ossuary  | Entered an ossuary
  4372 | Ossuary  | Reached skill level 6 in Armour
  5109 | D:5      | Found a deep blue altar of Sif Muna.
  5120 | D:5      | Noticed Edmund
  5147 | D:5      | Killed Edmund
  5432 | D:5      | Found a sacrificial altar of Ru.
  5886 | D:5      | Reached skill level 7 in Armour
  5886 | D:5      | Gained mutation: You have sharp toenails. [demonic ancestry]
  5886 | D:5      | Reached XP level 8. HP: 59/62 MP: 8/8
  6667 | D:6      | Noticed Eustachio
  6671 | D:6      | Reached skill level 5 in Dodging
  6675 | D:6      | Killed Eustachio
  7075 | D:6      | Found Guleixe's Antique Armour Emporium.
  7642 | D:7      | Found a flagged portal.
  7690 | Bailey   | Entered a bailey
  7899 | Bailey   | Noticed an orc knight
  7924 | Bailey   | Killed an orc knight
  7924 | Bailey   | Reached XP level 9. HP: 34/71 MP: 9/9
  8553 | D:7      | Found a staircase to the Ecumenical Temple.
  8564 | D:7      | Reached skill level 8 in Dodging
  8579 | Temple   | Entered the Ecumenical Temple
  8663 | Temple   | Became a worshipper of Gozag Ym Sagoz the Greedy
  8952 | D:7      | Found a sacrificial altar of Ru.
  9461 | D:8      | Found a glowing golden altar of the Shining One.
  9472 | D:8      | Found a basalt altar of Yredelemnul.
  9662 | D:8      | HP: 5/108 [killer bee (5)]
  9673 | D:8      | Reached skill level 9 in Dodging
 10396 | D:8      | Noticed an angel
 10498 | D:9      | Reached XP level 10. HP: 74/80 MP: 10/10
 10590 | D:9      | Noticed a red ugly thing
 10603 | D:9      | Slain by a red ugly thing

Vault maps used:
D:1:      dpeg_arrival_rhombus, minmay_misc_feat_cross
D:4:      ashenzari_conservatory_becter, first_bread
D:5:      kennysheep_kobold_camp, grunt_temple_overflow_open,
          nicolae_ossuary_entry_catacombs, uniq_edmund
D:6:      serial_shops, kennysheep_mini, due_unseen_surprise, uniq_eustachio
D:7:      temple_green, enter_bailey_3, grunt_ogre_cave, nicolae_ru_awakened_eye
D:8:      grunt_temple_overflow_holy_war
D:9:      slow_altar_2, uniq_grum
Temple:   nicolae_temple_god_jail
Ossuary:  ossuary_boxes_badplayer
Bailey:   bailey_axe_1, bailey

Action                   |  1- 3 |  4- 6 |  7- 9 | 10-12 || total
-------------------------+-------+-------+-------+-------++-------
Melee: Dagger            |   168 |   167 |   578 |       ||   913
       Trident           |       |       |     6 |       ||     6
       Hand axe          |       |       |   217 |    10 ||   227
 Fire: Shortbow          |       |       |    95 |       ||    95
       Blowgun           |       |       |    25 |     9 ||    34
Throw: Throwing net      |       |     1 |     2 |       ||     3
Evoke: Wand              |       |       |    12 |       ||    12
  Use: Scroll            |     3 |     7 |    22 |       ||    32
       Potion            |       |     1 |     6 |       ||     7
 Stab: Sleeping          |     1 |       |     3 |       ||     4
       Distracted        |       |     1 |     1 |       ||     2
  Eat: Chunk             |     3 |     6 |    11 |       ||    20
       Fruit             |       |       |     3 |       ||     3
       Bread ration      |       |       |     1 |       ||     1
       Royal jelly       |       |       |     3 |       ||     3
       Beef jerky        |       |       |     1 |       ||     1
